Flyers vs Islanders
Created - November 13, 2023 at 20:19
Goals
|
| Flyers |
1 |
0 |
0 |
1 |
| Islanders |
0 |
1 |
1 |
2 |
|
Shots
|
| Flyers |
12 |
18 |
6 |
36 |
| Islanders |
5 |
12 |
22 |
39 |
|
1st period
1. Flyers , Nick Ritchie 10 (Ivan Provorov 4, Jakub Voracek 14) at 19:08
Penalties :
Cam Ward (NyI) for Slashing (Minor) at 12:05 - Jason Spezza served the penalty, Melker Karlsson (NyI) for Close Hand On Puck (Minor) at 14:45
2nd period
2. Islanders , Michael Latta 4 (Jason Spezza 3, Ryan Ellis 11) at 9:43
Penalties :
Ryan Ellis (NyI) for High sticking (Minor) at 2:03, Ryan Ellis (NyI) for Hooking (Minor) at 18:23
3rd period
3. Islanders , Kellan Lain 2 (Ryan Ellis 12, Yann Sauvé 1) at 9:20
Penalties :
Max Pacioretty (Phi) for Hooking (Minor) at 7:01
Goalie Stats
Ilya Sorokin (Phi), 37 saves from 39 shots - (0.949), L, 2-1-0, 58:59 minutes
Cam Ward (NyI), 35 saves from 36 shots - (0.972), W, 5-4-0, 60:00 minutes
Players Stats for Flyers
Player Name G A P +/- PIM S H SB GA TA FO MP PP MP PK MP
------------------------------------------------------------------------------------
Blake Heinrich 0 0 0 -1 0 0 0 2 0 2 0/0 11:29 0:00 0:00
Brian Lashoff 0 0 0 1 0 0 0 3 1 1 0/0 23:07 3:33 0:43
Brock Nelson 0 0 0 0 0 2 0 1 1 0 0/0 7:01 0:00 0:11
Calle Jarnkrok 0 0 0 -1 0 1 1 0 0 1 6/10 11:19 0:00 0:00
Ivan Provorov 0 1 1 1 0 2 0 0 0 0 0/0 23:07 3:33 0:43
Jacob Trouba 0 0 0 -1 0 0 0 0 4 3 0/0 25:24 4:23 1:16
Jake Dotchin 0 0 0 -1 0 1 1 1 0 1 0/0 11:29 0:00 0:00
Jakub Voracek 0 1 1 0 0 4 0 0 0 0 2/3 23:33 4:20 0:39
Jeff Carter 0 0 0 0 0 2 1 0 0 0 7/14 17:41 3:36 0:39
Jordan Nolan 0 0 0 0 0 10 4 0 0 0 10/24 23:56 4:20 1:06
Max Pacioretty 0 0 0 0 2 6 2 1 0 0 0/0 17:01 3:36 0:00
Michael Bournival 0 0 0 -1 0 2 2 0 0 0 0/0 11:19 0:00 0:00
Mikko Rantanen 0 0 0 0 0 2 1 1 1 1 0/0 16:58 3:36 0:00
Nathan Beaulieu 0 0 0 -1 0 0 0 3 1 0 0/0 25:24 4:23 1:16
Nick Ritchie 1 0 1 0 0 3 3 0 2 3 0/1 23:53 4:20 1:03
Niclas Bergfors 0 0 0 -1 0 1 1 0 0 0 0/0 11:19 0:00 0:00
Travis Konecny 0 0 0 0 0 0 0 0 0 0 0/1 6:50 0:00 0:00
Travis Zajac 0 0 0 0 0 0 0 0 0 0 3/5 7:10 0:00 0:20
Players Stats for Islanders
Player Name G A P +/- PIM S H SB GA TA FO MP PP MP PK MP
------------------------------------------------------------------------------------
Andrew Shaw 0 0 0 0 0 1 2 1 0 0 0/0 6:58 0:00 0:00
Anze Kopitar 0 0 0 -1 0 3 0 0 2 0 12/25 23:30 1:21 4:26
Brayden McNabb 0 0 0 -1 0 0 1 0 1 0 0/0 22:32 1:17 3:44
Brock McGinn 0 0 0 0 0 1 2 0 1 0 0/0 12:39 0:00 1:12
Chris Tierney 0 0 0 -1 0 4 1 0 0 3 1/2 23:33 1:21 4:29
Dylan McIlrath 0 0 0 0 0 1 1 2 0 0 0/0 13:22 0:00 1:54
Emerson Etem 0 0 0 0 0 0 0 1 0 0 0/0 7:23 0:00 0:00
Jason Akeson 0 0 0 0 0 0 0 0 1 1 1/2 11:01 0:00 0:00
Jason Spezza 0 1 1 2 0 2 1 1 0 0 0/0 14:34 0:38 0:00
Kellan Lain 1 0 1 2 0 5 1 0 0 1 1/1 17:12 0:38 2:37
Melker Karlsson 0 0 0 0 2 1 1 0 0 1 3/5 12:11 0:00 0:40
Michael Latta 1 0 1 2 0 6 1 1 1 0 8/18 17:03 0:38 2:28
Nikita Zadorov 0 0 0 -1 0 1 1 1 0 0 0/0 20:55 1:17 2:29
Ryan Ellis 0 2 2 2 4 1 1 0 3 0 0/0 24:06 0:42 2:18
Ryan Hartman 0 0 0 0 0 1 0 0 0 0 3/4 6:58 0:00 0:00
Thomas Chabot 0 0 0 0 0 1 0 0 0 0 0/0 11:53 0:00 0:00
Vladimir Tarasenko 0 0 0 -1 0 9 2 1 2 1 1/1 18:59 1:21 0:00
Yann Sauvé 0 1 1 2 0 2 0 0 1 3 0/0 27:12 0:42 5:27
3 Stars
1 - Cam Ward (NyI)
2 - Ilya Sorokin (Phi)
3 - Michael Latta (NyI)
Power Play
Flyers - 0 on 4 Attempt(s) - 0.00%
Islanders - 0 on 1 Attempt(s) - 0.00%
Penalty Kill
Flyers - 1 on 1 Attempt(s) - 100.00%
- Score 0 goal in Penalty Kill
Islanders - 4 on 4 Attempt(s) - 100.00%
- Score 0 goal in Penalty Kill
Team Stat
Flyers - Hits : 16 - Faceoff Wins : 28 - Blocked Shots : 12 - Penalty Minutes : 2
Islanders - Hits : 15 - Faceoff Wins : 30 - Blocked Shots : 8 - Penalty Minutes : 8
Official
Referees : Chris Schlenker and Jacob Brenk
Linesman : Vaughan Rody and Andrew Smith
Game Notes
No Game Note
Finance
Level 1 -- Attendance: 6000 (100.00%) -- Ticket Income $600,000
Level 2 -- Attendance: 5000 (100.00%) -- Ticket Income $300,000
Level 3 -- Attendance: 1978 (98.90%) -- Ticket Income $69,230
Level 4 -- Attendance: 3698 (92.45%) -- Ticket Income $92,450
Luxury Box -- Attendance: 931 (93.10%) -- Ticket Income $186,200
Game was played at the Nassau Coliseum.
Total Attendance: 17607 (97.82%)
Total Ticket Income: $1,247,880
Other Income: $187,182
Total Income: $1,435,062
Flyers
5 vs 5 Forward
Center Left Wing Right Wing Time % Phy DF OF
1 Jordan Nolan Nick Ritchie Jakub Voracek 40 1 2 2
2 Jeff Carter Max Pacioretty Mikko Rantanen 30 1 2 2
3 Calle Jarnkrok Michael Bournival Niclas Bergfors 20 1 2 2
4 Travis Zajac Brock Nelson Travis Konecny 10 1 2 2
5 vs 5 Defense
Defense Defense Time % Phy DF OF
1 Jacob Trouba Nathan Beaulieu 40 1 2 2
2 Brian Lashoff Ivan Provorov 30 1 2 2
3 Jake Dotchin Blake Heinrich 20 1 2 2
4 Jacob Trouba Nathan Beaulieu 10 1 2 2
PowerPlay Forward
Center Left Wing Right Wing Time % Phy DF OF
1 Jordan Nolan Nick Ritchie Jakub Voracek 60 1 2 2
2 Jeff Carter Max Pacioretty Mikko Rantanen 40 1 2 2
PowerPlay Defense
Defense Defense Time % Phy DF OF
1 Jacob Trouba Nathan Beaulieu 60 1 2 2
2 Brian Lashoff Ivan Provorov 40 1 2 2
Penalty Kill 4 Players Forward
Center Wing Time % Phy DF OF
1 Jordan Nolan Nick Ritchie 60 1 2 2
2 Jakub Voracek Jeff Carter 40 1 2 2
Penalty Kill 4 Players Defense
Defense Defense Time % Phy DF OF
1 Jacob Trouba Nathan Beaulieu 60 1 2 2
2 Brian Lashoff Ivan Provorov 40 1 2 2
Penalty Kill - 3 Players Forward
Forward Time % Phy DF OF
1 Jordan Nolan 60 1 2 2
2 Nick Ritchie 40 1 2 2
Penalty Kill - 3 Players Defense
Defense Defense Time % Phy DF OF
1 Jacob Trouba Nathan Beaulieu 60 1 2 2
2 Brian Lashoff Ivan Provorov 40 1 2 2
4 vs 4 Forward
Center Wing Time % Phy DF OF
1 Jordan Nolan Nick Ritchie 60 1 2 2
2 Jakub Voracek Jeff Carter 40 1 2 2
4 vs 4 Defense
Defense Defense Time % Phy DF OF
1 Jacob Trouba Nathan Beaulieu 60 1 2 2
2 Brian Lashoff Ivan Provorov 40 1 2 2
Last Minutes Offensive
Center Left Wing Right Wing Defense Defense
Jordan Nolan Nick Ritchie Jakub Voracek Jacob Trouba Nathan Beaulieu
Last Minutes Defensive
Center Left Wing Right Wing Defense Defense
Jordan Nolan Nick Ritchie Jakub Voracek Jacob Trouba Nathan Beaulieu
Goaltenders
Starting : Ilya Sorokin
Backup : Steve Mason
Extra Forwards
Normal : Niclas Bergfors, Calle Jarnkrok, Travis Zajac - PP : Niclas Bergfors, Calle Jarnkrok - PK : Travis Zajac
Extra Defensemen
Normal : Jake Dotchin, Blake Heinrich, Brian Lashoff - PP : Jake Dotchin - PK : Blake Heinrich, Brian Lashoff
Penalty Shots
Jordan Nolan, Nick Ritchie, Jakub Voracek, Jeff Carter, Mikko Rantanen
Custom OT Lines Forwards
Jordan Nolan, Nick Ritchie, Jakub Voracek, Jeff Carter, Mikko Rantanen, Max Pacioretty, Niclas Bergfors, Calle Jarnkrok, Travis Zajac, Travis Konecny
Custom OT Lines Defensemen
Jacob Trouba, Nathan Beaulieu, Brian Lashoff, Ivan Provorov, Jake Dotchin
Scratches
None
Islanders
5 vs 5 Forward
Center Left Wing Right Wing Time % Phy DF OF
1 Anze Kopitar Chris Tierney Vladimir Tarasenko 40 1 2 2
2 Michael Latta Kellan Lain Jason Spezza 30 1 2 2
3 Melker Karlsson Brock McGinn Jason Akeson 20 1 2 2
4 Ryan Hartman Emerson Etem Andrew Shaw 10 1 2 2
5 vs 5 Defense
Defense Defense Time % Phy DF OF
1 Ryan Ellis Yann Sauvé 40 1 2 2
2 Nikita Zadorov Brayden McNabb 30 1 2 2
3 Dylan McIlrath Thomas Chabot 20 1 2 2
4 Ryan Ellis Yann Sauvé 10 1 2 2
PowerPlay Forward
Center Left Wing Right Wing Time % Phy DF OF
1 Anze Kopitar Chris Tierney Vladimir Tarasenko 60 1 2 2
2 Michael Latta Kellan Lain Jason Spezza 40 1 2 2
PowerPlay Defense
Defense Defense Time % Phy DF OF
1 Ryan Ellis Yann Sauvé 60 1 2 2
2 Nikita Zadorov Brayden McNabb 40 1 2 2
Penalty Kill 4 Players Forward
Center Wing Time % Phy DF OF
1 Anze Kopitar Chris Tierney 60 1 2 2
2 Michael Latta Kellan Lain 40 1 2 2
Penalty Kill 4 Players Defense
Defense Defense Time % Phy DF OF
1 Ryan Ellis Yann Sauvé 60 1 2 2
2 Nikita Zadorov Brayden McNabb 40 1 2 2
Penalty Kill - 3 Players Forward
Forward Time % Phy DF OF
1 Anze Kopitar 60 1 2 2
2 Michael Latta 40 1 2 2
Penalty Kill - 3 Players Defense
Defense Defense Time % Phy DF OF
1 Ryan Ellis Yann Sauvé 60 1 2 2
2 Nikita Zadorov Brayden McNabb 40 1 2 2
4 vs 4 Forward
Center Wing Time % Phy DF OF
1 Anze Kopitar Chris Tierney 60 1 2 2
2 Michael Latta Kellan Lain 40 1 2 2
4 vs 4 Defense
Defense Defense Time % Phy DF OF
1 Ryan Ellis Yann Sauvé 60 1 2 2
2 Nikita Zadorov Brayden McNabb 40 1 2 2
Last Minutes Offensive
Center Left Wing Right Wing Defense Defense
Anze Kopitar Chris Tierney Vladimir Tarasenko Ryan Ellis Yann Sauvé
Last Minutes Defensive
Center Left Wing Right Wing Defense Defense
Anze Kopitar Chris Tierney Vladimir Tarasenko Ryan Ellis Yann Sauvé
Goaltenders
Starting : Cam Ward
Backup : Joonas Korpisalo
Extra Forwards
Normal : Kellan Lain, Brock McGinn, Emerson Etem - PP : Kellan Lain, Brock McGinn - PK : Kellan Lain
Extra Defensemen
Normal : Brayden McNabb, Dylan McIlrath, Thomas Chabot - PP : Brayden McNabb - PK : Brayden McNabb, Dylan McIlrath
Penalty Shots
Vladimir Tarasenko, Anze Kopitar, Jason Spezza, Chris Tierney, Kellan Lain
Custom OT Lines Forwards
Vladimir Tarasenko, Anze Kopitar, Jason Spezza, Chris Tierney, Kellan Lain, Brock McGinn, Emerson Etem, Michael Latta, Jason Akeson, Melker Karlsson
Custom OT Lines Defensemen
Ryan Ellis, Yann Sauvé, Nikita Zadorov, Brayden McNabb, Dylan McIlrath
Scratches
James Livingstone (Healthy), Sergei Plotnikov (Healthy)
% Time on Ice - Flyers
Lines # - Real PCT - Wanted PCT - Time Play
Normal Forward
1 - 36% - 40% - 17:26
2 - 27% - 30% - 13:26
3 - 23% - 20% - 11:19
4 - 14% - 10% - 6:50
Normal Defense
1 - 38% - 40% - 18:30
2 - 36% - 30% - 17:47
3 - 23% - 20% - 11:29
4 - 3% - 10% - 1:15
PP Forward
1 - 55% - 60% - 4:20
2 - 45% - 40% - 3:36
PP Defense
1 - 55% - 60% - 4:23
2 - 45% - 40% - 3:33
PK Forward
1 - 67% - 60% - 1:20
2 - 33% - 40% - 0:39
PK Defense
1 - 64% - 60% - 1:16
2 - 36% - 40% - 0:43
PK3 Forward
1 - 0% - 60%
2 - 0% - 40%
PK3 Defense
1 - 0% - 60%
2 - 0% - 40%
44 Forward
1 - 0% - 60%
2 - 0% - 40%
44 Defense
1 - 0% - 60%
2 - 0% - 40%
Last Minute Offensive - 1:04
Last Minute Defensive - 0:00
Total
Forward - 60:00
Defense - 60:00
|
% Time on Ice - Islanders
Lines # - Real PCT - Wanted PCT - Time Play
Normal Forward
1 - 35% - 40% - 17:02
2 - 28% - 30% - 13:57
3 - 22% - 20% - 11:01
4 - 14% - 10% - 6:58
Normal Defense
1 - 39% - 40% - 19:05
2 - 35% - 30% - 17:09
3 - 23% - 20% - 11:28
4 - 3% - 10% - 1:16
PP Forward
1 - 68% - 60% - 1:21
2 - 32% - 40% - 0:38
PP Defense
1 - 35% - 60% - 0:42
2 - 65% - 40% - 1:17
PK Forward
1 - 74% - 60% - 5:50
2 - 26% - 40% - 2:06
PK Defense
1 - 79% - 60% - 6:14
2 - 21% - 40% - 1:42
PK3 Forward
1 - 0% - 60%
2 - 0% - 40%
PK3 Defense
1 - 0% - 60%
2 - 0% - 40%
44 Forward
1 - 0% - 60%
2 - 0% - 40%
44 Defense
1 - 0% - 60%
2 - 0% - 40%
Last Minute Offensive - 0:00
Last Minute Defensive - 1:07
Total
Forward - 60:00
Defense - 60:00
|
Play-by-Play
1st period
0:01 of 1st period - Jordan Nolan wins face-off versus Anze Kopitar in neutral zone.
2:32 of 1st period - Snap shot by Vladimir Tarasenko.
2:32 of 1st period - Shot Misses the Net.
3:14 of 1st period - Wrist shot by Max Pacioretty.
3:14 of 1st period - Stopped by Cam Ward without a rebound.
3:15 of 1st period - Jeff Carter wins face-off versus Anze Kopitar in Islanders zone.
3:24 of 1st period - Snap shot by Mikko Rantanen.
3:24 of 1st period - Stopped by Cam Ward without a rebound.
3:25 of 1st period - Anze Kopitar wins face-off versus Jakub Voracek in Islanders zone.
3:54 of 1st period - Snap shot by Vladimir Tarasenko.
3:54 of 1st period - Stopped by Ilya Sorokin with a rebound.
4:26 of 1st period - Wrist shot by Brock McGinn.
4:26 of 1st period - Shot Blocked by Blake Heinrich.
4:42 of 1st period - Wrist shot by Andrew Shaw.
4:42 of 1st period - Stopped by Ilya Sorokin with a rebound.
4:58 of 1st period - Dylan McIlrath is hit by Jordan Nolan.
5:21 of 1st period - Snap shot by Brock McGinn.
5:21 of 1st period - Shot Blocked by Mikko Rantanen.
5:24 of 1st period - Icing by Brian Lashoff.
5:25 of 1st period - Michael Latta wins face-off versus Jeff Carter in Flyers zone.
5:28 of 1st period - Snap shot by Jason Spezza.
5:28 of 1st period - Shot Blocked by Max Pacioretty.
5:46 of 1st period - Wrist shot by Mikko Rantanen.
5:46 of 1st period - Stopped by Cam Ward with a rebound.
5:48 of 1st period - Snap shot by Max Pacioretty.
5:48 of 1st period - Stopped by Cam Ward with a rebound.
6:26 of 1st period - Snap shot by Max Pacioretty.
6:26 of 1st period - Stopped by Cam Ward with a rebound.
6:28 of 1st period - Wrist shot by Max Pacioretty.
6:28 of 1st period - Shot Misses the Net.
7:04 of 1st period - Wrist shot by Max Pacioretty.
7:04 of 1st period - Stopped by Cam Ward without a rebound.
7:05 of 1st period - Jordan Nolan wins face-off versus Chris Tierney in Islanders zone.
7:16 of 1st period - Slapshot by Jordan Nolan.
7:16 of 1st period - Stopped by Cam Ward with a rebound.
8:03 of 1st period - Snap shot by Brock Nelson.
8:03 of 1st period - Shot Blocked by Emerson Etem.
8:05 of 1st period - Snap shot by Blake Heinrich.
8:05 of 1st period - Shot Blocked by Dylan McIlrath.
9:44 of 1st period - Ryan Ellis is hit by Jake Dotchin and loses puck.
10:43 of 1st period - Snap shot by Vladimir Tarasenko.
10:43 of 1st period - Shot Misses the Net.
11:29 of 1st period - Snap shot by Vladimir Tarasenko.
11:29 of 1st period - Stopped by Ilya Sorokin with a rebound.
11:31 of 1st period - Snap shot by Vladimir Tarasenko.
11:31 of 1st period - Stopped by Ilya Sorokin without a rebound.
11:32 of 1st period - Jeff Carter wins face-off versus Anze Kopitar in Flyers zone.
11:49 of 1st period - Snap shot by Jeff Carter.
11:49 of 1st period - Stopped by Cam Ward without a rebound.
11:50 of 1st period - Michael Latta wins face-off versus Jordan Nolan in Islanders zone.
12:03 of 1st period - Wrist shot by Jordan Nolan.
12:03 of 1st period - Shot Misses the Net.
12:05 of 1st period - Snap shot by Jakub Voracek.
12:05 of 1st period - Stopped by Cam Ward without a rebound.
12:05 of 1st period - Minor Penalty to Cam Ward for Slashing.
12:06 of 1st period - Anze Kopitar wins face-off versus Jordan Nolan in Islanders zone.
13:25 of 1st period - Max Pacioretty is hit by Ryan Ellis and loses puck.
14:03 of 1st period - Slapshot by Kellan Lain.
14:03 of 1st period - Shot Misses the Net.
14:05 of 1st period - Penalty to Jason Spezza is over, Jason Spezza is back on ice.
14:26 of 1st period - Wrist shot by Max Pacioretty.
14:26 of 1st period - Stopped by Cam Ward without a rebound.
14:27 of 1st period - Calle Jarnkrok wins face-off versus Jason Akeson in Islanders zone.
14:28 of 1st period - Snap shot by Michael Bournival.
14:28 of 1st period - Shot Misses the Net.
14:30 of 1st period - Slapshot by Jake Dotchin.
14:30 of 1st period - Shot Misses the Net.
14:32 of 1st period - Snap shot by Michael Bournival.
14:32 of 1st period - Stopped by Cam Ward without a rebound.
14:33 of 1st period - Melker Karlsson wins face-off versus Calle Jarnkrok in Islanders zone.
14:45 of 1st period - Minor Penalty to Melker Karlsson for Close Hand On Puck.
14:46 of 1st period - Anze Kopitar wins face-off versus Jordan Nolan in Islanders zone.
14:46 of 1st period - Anze Kopitar is hit by Nick Ritchie.
16:32 of 1st period - Yann Sauvé is hit by Nick Ritchie and loses puck.
16:45 of 1st period - Penalty to Melker Karlsson is over, Melker Karlsson is back on ice.
16:59 of 1st period - Thomas Chabot is hit by Michael Bournival and loses puck.
17:18 of 1st period - Slapshot by Brock McGinn.
17:18 of 1st period - Shot Misses the Net.
17:20 of 1st period - Snap shot by Melker Karlsson.
17:20 of 1st period - Shot Blocked by Jake Dotchin.
17:22 of 1st period - Wrist shot by Jason Akeson.
17:22 of 1st period - Deflect By Travis Zajac.
17:22 of 1st period - Shot Misses the Net.
17:22 of 1st period - Puck is out of play.
17:23 of 1st period - Calle Jarnkrok wins face-off versus Ryan Hartman in Flyers zone.
17:58 of 1st period - Snap shot by Brock Nelson.
17:58 of 1st period - Deflect By Ryan Ellis.
17:58 of 1st period - Shot Misses the Net.
17:58 of 1st period - Puck is out of play.
17:59 of 1st period - Vladimir Tarasenko wins face-off versus Jordan Nolan in Islanders zone.
18:10 of 1st period - Slapshot by Vladimir Tarasenko.
18:10 of 1st period - Stopped by Ilya Sorokin with a rebound.
18:26 of 1st period - Vladimir Tarasenko is hit by Nick Ritchie and loses puck.
18:37 of 1st period - Vladimir Tarasenko is hit by Jordan Nolan and loses puck.
19:04 of 1st period - Snap shot by Jakub Voracek.
19:04 of 1st period - Shot Misses the Net.
19:06 of 1st period - Wrist shot by Ivan Provorov.
19:06 of 1st period - Shot Misses the Net.
19:08 of 1st period - Wrist shot by Nick Ritchie.
19:08 of 1st period - Goal by Nick Ritchie - Flyers : 1 - Islanders : 0.
19:09 of 1st period - Jeff Carter wins face-off versus Michael Latta in neutral zone.
19:41 of 1st period - Snap shot by Niclas Bergfors.
19:41 of 1st period - Shot Misses the Net.
Goals for this period are 1 for Flyers vs 0 for Islanders.
Shots for this period are 12 for Flyers vs 5 for Islanders.
2nd period
0:01 of 2nd period - Anze Kopitar wins face-off versus Jordan Nolan in neutral zone.
0:33 of 2nd period - Wrist shot by Michael Latta.
0:33 of 2nd period - Stopped by Ilya Sorokin with a rebound.
0:49 of 2nd period - Backhand shot by Niclas Bergfors.
0:49 of 2nd period - Shot Blocked by Nikita Zadorov.
1:11 of 2nd period - Emerson Etem is hit by Calle Jarnkrok and loses puck.
1:36 of 2nd period - Snap shot by Vladimir Tarasenko.
1:36 of 2nd period - Stopped by Ilya Sorokin with a rebound.
2:00 of 2nd period - Slapshot by Jordan Nolan.
2:00 of 2nd period - Stopped by Cam Ward without a rebound.
2:01 of 2nd period - Anze Kopitar wins face-off versus Jeff Carter in Islanders zone.
2:03 of 2nd period - Minor Penalty to Ryan Ellis for High sticking.
2:04 of 2nd period - Anze Kopitar wins face-off versus Nick Ritchie in Islanders zone.
2:31 of 2nd period - Max Pacioretty is hit by Michael Latta and loses puck.
4:02 of 2nd period - Mikko Rantanen is hit by Brock McGinn and loses puck.
4:03 of 2nd period - Penalty to Ryan Ellis is over, Ryan Ellis is back on ice.
4:26 of 2nd period - Wrist shot by Jeff Carter.
4:26 of 2nd period - Shot Misses the Net.
4:28 of 2nd period - Wrist shot by Max Pacioretty.
4:28 of 2nd period - Stopped by Cam Ward without a rebound.
4:29 of 2nd period - Calle Jarnkrok wins face-off versus Michael Latta in Islanders zone.
4:53 of 2nd period - Icing by Nathan Beaulieu.
4:54 of 2nd period - Ryan Hartman wins face-off versus Travis Zajac in Flyers zone.
5:10 of 2nd period - Icing by Jacob Trouba.
5:11 of 2nd period - Travis Zajac wins face-off versus Anze Kopitar in Flyers zone.
5:45 of 2nd period - Slapshot by Jordan Nolan.
5:45 of 2nd period - Shot Misses the Net.
5:47 of 2nd period - Snap shot by Jordan Nolan.
5:47 of 2nd period - Stopped by Cam Ward with a rebound.
5:49 of 2nd period - Slapshot by Jakub Voracek.
5:49 of 2nd period - Shot Misses the Net.
6:28 of 2nd period - Snap shot by Michael Bournival.
6:28 of 2nd period - Stopped by Cam Ward without a rebound.
6:29 of 2nd period - Michael Latta wins face-off versus Jordan Nolan in Islanders zone.
7:36 of 2nd period - Snap shot by Mikko Rantanen.
7:36 of 2nd period - Shot Misses the Net.
7:38 of 2nd period - Slapshot by Jake Dotchin.
7:38 of 2nd period - Shot Misses the Net.
7:40 of 2nd period - Wrist shot by Jake Dotchin.
7:40 of 2nd period - Stopped by Cam Ward with a rebound.
7:44 of 2nd period - Snap shot by Niclas Bergfors.
7:44 of 2nd period - Stopped by Cam Ward with a rebound.
7:46 of 2nd period - Wrist shot by Calle Jarnkrok.
7:46 of 2nd period - Shot Misses the Net.
7:50 of 2nd period - Snap shot by Calle Jarnkrok.
7:50 of 2nd period - Shot Misses the Net.
7:57 of 2nd period - Icing by Ryan Hartman.
7:58 of 2nd period - Ryan Hartman wins face-off versus Travis Zajac in Islanders zone.
8:09 of 2nd period - Snap shot by Vladimir Tarasenko.
8:09 of 2nd period - Deflect By Anze Kopitar.
8:09 of 2nd period - Shot Blocked by Brock Nelson.
8:09 of 2nd period - Puck is out of play.
8:10 of 2nd period - Anze Kopitar wins face-off versus Jordan Nolan in Flyers zone.
8:13 of 2nd period - Wrist shot by Anze Kopitar.
8:13 of 2nd period - Stopped by Ilya Sorokin with a rebound.
8:15 of 2nd period - Slapshot by Anze Kopitar.
8:15 of 2nd period - Stopped by Ilya Sorokin with a rebound.
8:19 of 2nd period - Wrist shot by Vladimir Tarasenko.
8:19 of 2nd period - Stopped by Ilya Sorokin with a rebound.
8:25 of 2nd period - Slapshot by Ryan Ellis.
8:25 of 2nd period - Shot Misses the Net.
8:27 of 2nd period - Wrist shot by Chris Tierney.
8:27 of 2nd period - Stopped by Ilya Sorokin without a rebound.
8:28 of 2nd period - Jeff Carter wins face-off versus Michael Latta in Flyers zone.
8:41 of 2nd period - Slapshot by Ryan Ellis.
8:41 of 2nd period - Shot Misses the Net.
8:43 of 2nd period - Snap shot by Jason Spezza.
8:43 of 2nd period - Stopped by Ilya Sorokin with a rebound.
8:50 of 2nd period - Icing by Mikko Rantanen.
8:51 of 2nd period - Jordan Nolan wins face-off versus Anze Kopitar in Flyers zone.
8:56 of 2nd period - Wrist shot by Jakub Voracek.
8:56 of 2nd period - Stopped by Cam Ward with a rebound.
9:02 of 2nd period - Snap shot by Jordan Nolan.
9:02 of 2nd period - Shot Misses the Net.
9:20 of 2nd period - Brian Lashoff is hit by Kellan Lain and loses puck.
9:25 of 2nd period - Snap shot by Michael Latta.
9:25 of 2nd period - Stopped by Ilya Sorokin without a rebound.
9:26 of 2nd period - Michael Latta wins face-off versus Jordan Nolan in Flyers zone.
9:27 of 2nd period - Wrist shot by Jason Spezza.
9:27 of 2nd period - Deflect By Jacob Trouba.
9:27 of 2nd period - Shot Misses the Net.
9:27 of 2nd period - Puck is out of play.
9:28 of 2nd period - Michael Latta wins face-off versus Jordan Nolan in Flyers zone.
9:29 of 2nd period - Slapshot by Kellan Lain.
9:29 of 2nd period - Stopped by Ilya Sorokin without a rebound.
9:30 of 2nd period - Jakub Voracek wins face-off versus Michael Latta in Flyers zone.
9:43 of 2nd period - Wrist shot by Michael Latta.
9:43 of 2nd period - Goal by Michael Latta - Flyers : 1 - Islanders : 1.
9:44 of 2nd period - Anze Kopitar wins face-off versus Jordan Nolan in neutral zone.
10:33 of 2nd period - Snap shot by Travis Zajac.
10:33 of 2nd period - Deflect By Ryan Ellis.
10:33 of 2nd period - Shot Misses the Net.
10:33 of 2nd period - Puck is out of play.
10:34 of 2nd period - Travis Zajac wins face-off versus Anze Kopitar in Islanders zone.
10:35 of 2nd period - Wrist shot by Brock Nelson.
10:35 of 2nd period - Stopped by Cam Ward without a rebound.
10:36 of 2nd period - Travis Zajac wins face-off versus Anze Kopitar in Islanders zone.
10:43 of 2nd period - Wrist shot by Brock Nelson.
10:43 of 2nd period - Stopped by Cam Ward with a rebound.
10:45 of 2nd period - Wrist shot by Ivan Provorov.
10:45 of 2nd period - Stopped by Cam Ward with a rebound.
11:05 of 2nd period - Wrist shot by Jakub Voracek.
11:05 of 2nd period - Stopped by Cam Ward with a rebound.
11:07 of 2nd period - Slapshot by Jordan Nolan.
11:07 of 2nd period - Stopped by Cam Ward with a rebound.
11:11 of 2nd period - Snap shot by Jordan Nolan.
11:11 of 2nd period - Stopped by Cam Ward with a rebound.
11:13 of 2nd period - Wrist shot by Nick Ritchie.
11:13 of 2nd period - Shot Blocked by Michael Latta.
11:54 of 2nd period - Wrist shot by Vladimir Tarasenko.
11:54 of 2nd period - Stopped by Ilya Sorokin with a rebound.
11:56 of 2nd period - Snap shot by Chris Tierney.
11:56 of 2nd period - Shot Misses the Net.
12:10 of 2nd period - Jacob Trouba is hit by Andrew Shaw and loses puck.
12:51 of 2nd period - Snap shot by Jordan Nolan.
12:51 of 2nd period - Shot Misses the Net.
12:53 of 2nd period - Snap shot by Jordan Nolan.
12:53 of 2nd period - Stopped by Cam Ward with a rebound.
12:55 of 2nd period - Wrist shot by Jordan Nolan.
12:55 of 2nd period - Shot Blocked by Dylan McIlrath.
12:57 of 2nd period - Wrist shot by Jakub Voracek.
12:57 of 2nd period - Shot Misses the Net.
13:07 of 2nd period - Snap shot by Nick Ritchie.
13:07 of 2nd period - Stopped by Cam Ward with a rebound.
13:09 of 2nd period - Slapshot by Jordan Nolan.
13:09 of 2nd period - Stopped by Cam Ward without a rebound.
13:10 of 2nd period - Anze Kopitar wins face-off versus Jeff Carter in Islanders zone.
13:10 of 2nd period - Anze Kopitar is hit by Max Pacioretty.
13:20 of 2nd period - Slapshot by Ryan Ellis.
13:20 of 2nd period - Shot Misses the Net.
14:03 of 2nd period - Icing by Ryan Hartman.
14:04 of 2nd period - Ryan Hartman wins face-off versus Travis Konecny in Islanders zone.
14:12 of 2nd period - Off-side.
14:13 of 2nd period - Jordan Nolan wins face-off versus Anze Kopitar in neutral zone.
16:01 of 2nd period - Jakub Voracek is hit by Dylan McIlrath and loses puck.
16:08 of 2nd period - Wrist shot by Brian Lashoff.
16:08 of 2nd period - Shot Misses the Net.
16:10 of 2nd period - Slapshot by Nick Ritchie.
16:10 of 2nd period - Stopped by Cam Ward with a rebound.
16:12 of 2nd period - Wrist shot by Jordan Nolan.
16:12 of 2nd period - Shot Misses the Net.
17:15 of 2nd period - Wrist shot by Ryan Hartman.
17:15 of 2nd period - Stopped by Ilya Sorokin with a rebound.
18:23 of 2nd period - Minor Penalty to Ryan Ellis for Hooking.
18:24 of 2nd period - Jordan Nolan wins face-off versus Anze Kopitar in Islanders zone.
18:39 of 2nd period - Wrist shot by Jakub Voracek.
18:39 of 2nd period - Stopped by Cam Ward without a rebound.
18:40 of 2nd period - Anze Kopitar wins face-off versus Jordan Nolan in Islanders zone.
19:02 of 2nd period - Yann Sauvé is hit by Jordan Nolan.
Goals for this period are 0 for Flyers vs 1 for Islanders.
Shots for this period are 18 for Flyers vs 12 for Islanders.
3rd period
0:01 of 3rd period - Anze Kopitar wins face-off versus Jordan Nolan in neutral zone.
0:23 of 3rd period - Penalty to Ryan Ellis is over, Ryan Ellis is back on ice.
0:32 of 3rd period - Slapshot by Jacob Trouba.
0:32 of 3rd period - Shot Misses the Net.
1:17 of 3rd period - Off-side.
1:18 of 3rd period - Jordan Nolan wins face-off versus Anze Kopitar in neutral zone.
1:56 of 3rd period - Snap shot by Kellan Lain.
1:56 of 3rd period - Stopped by Ilya Sorokin without a rebound.
1:57 of 3rd period - Chris Tierney wins face-off versus Jordan Nolan in Flyers zone.
2:06 of 3rd period - Wrist shot by Vladimir Tarasenko.
2:06 of 3rd period - Stopped by Ilya Sorokin without a rebound.
2:07 of 3rd period - Anze Kopitar wins face-off versus Jordan Nolan in Flyers zone.
2:34 of 3rd period - Snap shot by Vladimir Tarasenko.
2:34 of 3rd period - Shot Misses the Net.
2:36 of 3rd period - Backhand shot by Chris Tierney.
2:36 of 3rd period - Stopped by Ilya Sorokin with a rebound.
2:38 of 3rd period - Wrist shot by Vladimir Tarasenko.
2:38 of 3rd period - Deflect By Anze Kopitar.
2:38 of 3rd period - Stopped by Ilya Sorokin with a rebound.
2:40 of 3rd period - Slapshot by Nikita Zadorov.
2:40 of 3rd period - Shot Blocked by Brian Lashoff.
2:42 of 3rd period - Wrist shot by Anze Kopitar.
2:42 of 3rd period - Shot Misses the Net.
2:54 of 3rd period - Vladimir Tarasenko is hit by Jordan Nolan and loses puck.
3:01 of 3rd period - Jordan Nolan is hit by Vladimir Tarasenko.
3:09 of 3rd period - Wrist shot by Jakub Voracek.
3:09 of 3rd period - Shot Misses the Net.
3:49 of 3rd period - Wrist shot by Vladimir Tarasenko.
3:49 of 3rd period - Shot Misses the Net.
3:51 of 3rd period - Snap shot by Anze Kopitar.
3:51 of 3rd period - Shot Blocked by Brian Lashoff.
3:53 of 3rd period - Slapshot by Nikita Zadorov.
3:53 of 3rd period - Stopped by Ilya Sorokin with a rebound.
3:55 of 3rd period - Slapshot by Vladimir Tarasenko.
3:55 of 3rd period - Shot Misses the Net.
4:18 of 3rd period - Wrist shot by Chris Tierney.
4:18 of 3rd period - Stopped by Ilya Sorokin without a rebound.
4:19 of 3rd period - Jeff Carter wins face-off versus Michael Latta in Flyers zone.
4:24 of 3rd period - Yann Sauvé is hit by Max Pacioretty and loses puck.
4:33 of 3rd period - Slapshot by Yann Sauvé.
4:33 of 3rd period - Shot Blocked by Nathan Beaulieu.
4:35 of 3rd period - Slapshot by Ryan Ellis.
4:35 of 3rd period - Stopped by Ilya Sorokin without a rebound.
4:36 of 3rd period - Jason Akeson wins face-off versus Calle Jarnkrok in Flyers zone.
4:44 of 3rd period - Icing by Melker Karlsson.
4:45 of 3rd period - Melker Karlsson wins face-off versus Calle Jarnkrok in Islanders zone.
4:45 of 3rd period - Melker Karlsson is hit by Michael Bournival.
4:51 of 3rd period - Slapshot by Ryan Ellis.
4:51 of 3rd period - Deflect By Brock McGinn.
4:51 of 3rd period - Shot Misses the Net.
4:51 of 3rd period - Puck is out of play.
4:52 of 3rd period - Jeff Carter wins face-off versus Michael Latta in Flyers zone.
5:24 of 3rd period - Slapshot by Thomas Chabot.
5:24 of 3rd period - Stopped by Ilya Sorokin with a rebound.
5:26 of 3rd period - Wrist shot by Jason Spezza.
5:26 of 3rd period - Shot Misses the Net.
5:38 of 3rd period - Wrist shot by Kellan Lain.
5:38 of 3rd period - Shot Misses the Net.
5:40 of 3rd period - Wrist shot by Michael Latta.
5:40 of 3rd period - Stopped by Ilya Sorokin with a rebound.
5:42 of 3rd period - Snap shot by Yann Sauvé.
5:42 of 3rd period - Stopped by Ilya Sorokin without a rebound.
5:43 of 3rd period - Calle Jarnkrok wins face-off versus Melker Karlsson in Flyers zone.
5:50 of 3rd period - Snap shot by Calle Jarnkrok.
5:50 of 3rd period - Stopped by Cam Ward without a rebound.
5:51 of 3rd period - Melker Karlsson wins face-off versus Jeff Carter in Islanders zone.
6:18 of 3rd period - Michael Bournival is hit by Chris Tierney.
6:46 of 3rd period - Snap shot by Ryan Ellis.
6:46 of 3rd period - Shot Misses the Net.
6:48 of 3rd period - Wrist shot by Yann Sauvé.
6:48 of 3rd period - Stopped by Ilya Sorokin without a rebound.
6:49 of 3rd period - Kellan Lain wins face-off versus Jeff Carter in Flyers zone.
6:52 of 3rd period - Slapshot by Michael Latta.
6:52 of 3rd period - Stopped by Ilya Sorokin without a rebound.
6:53 of 3rd period - Michael Latta wins face-off versus Jeff Carter in Flyers zone.
7:01 of 3rd period - Minor Penalty to Max Pacioretty for Hooking.
7:02 of 3rd period - Jordan Nolan wins face-off versus Anze Kopitar in Flyers zone.
7:14 of 3rd period - Slapshot by Chris Tierney.
7:14 of 3rd period - Shot Misses the Net.
7:38 of 3rd period - Slapshot by Jason Spezza.
7:38 of 3rd period - Stopped by Ilya Sorokin with a rebound.
7:40 of 3rd period - Snap shot by Kellan Lain.
7:40 of 3rd period - Shot Blocked by Nathan Beaulieu.
8:04 of 3rd period - Snap shot by Jeff Carter.
8:04 of 3rd period - Stopped by Cam Ward without a rebound.
8:05 of 3rd period - Jakub Voracek wins face-off versus Michael Latta in Islanders zone.
8:27 of 3rd period - Brian Lashoff is hit by Brayden McNabb and loses puck.
8:52 of 3rd period - Snap shot by Jakub Voracek.
8:52 of 3rd period - Shot Blocked by Vladimir Tarasenko.
9:01 of 3rd period - Penalty to Max Pacioretty is over, Max Pacioretty is back on ice.
9:02 of 3rd period - Snap shot by Chris Tierney.
9:02 of 3rd period - Stopped by Ilya Sorokin with a rebound.
9:04 of 3rd period - Slapshot by Nikita Zadorov.
9:04 of 3rd period - Deflect By Vladimir Tarasenko.
9:04 of 3rd period - Stopped by Ilya Sorokin without a rebound.
9:05 of 3rd period - Michael Latta wins face-off versus Calle Jarnkrok in Flyers zone.
9:14 of 3rd period - Wrist shot by Michael Latta.
9:14 of 3rd period - Shot Misses the Net.
9:16 of 3rd period - Slapshot by Yann Sauvé.
9:16 of 3rd period - Shot Blocked by Blake Heinrich.
9:18 of 3rd period - Backhand shot by Ryan Ellis.
9:18 of 3rd period - Shot Misses the Net.
9:20 of 3rd period - Snap shot by Kellan Lain.
9:20 of 3rd period - Goal by Kellan Lain - Flyers : 1 - Islanders : 2.
9:21 of 3rd period - Jordan Nolan wins face-off versus Michael Latta in neutral zone.
10:16 of 3rd period - Snap shot by Jordan Nolan.
10:16 of 3rd period - Shot Misses the Net.
10:18 of 3rd period - Snap shot by Jordan Nolan.
10:18 of 3rd period - Stopped by Cam Ward without a rebound.
10:19 of 3rd period - Jeff Carter wins face-off versus Anze Kopitar in Islanders zone.
10:54 of 3rd period - Wrist shot by Kellan Lain.
10:54 of 3rd period - Stopped by Ilya Sorokin with a rebound.
11:08 of 3rd period - Blake Heinrich is hit by Andrew Shaw and loses puck.
11:27 of 3rd period - Jeff Carter is hit by Melker Karlsson and loses puck.
11:36 of 3rd period - Snap shot by Melker Karlsson.
11:36 of 3rd period - Shot Misses the Net.
11:38 of 3rd period - Snap shot by Brock McGinn.
11:38 of 3rd period - Shot Blocked by Nathan Beaulieu.
11:40 of 3rd period - Snap shot by Melker Karlsson.
11:40 of 3rd period - Stopped by Ilya Sorokin with a rebound.
11:54 of 3rd period - Snap shot by Kellan Lain.
11:54 of 3rd period - Stopped by Ilya Sorokin without a rebound.
11:55 of 3rd period - Jordan Nolan wins face-off versus Michael Latta in Flyers zone.
11:55 of 3rd period - Jordan Nolan is hit by Jason Spezza.
12:51 of 3rd period - Slapshot by Jason Akeson.
12:51 of 3rd period - Shot Blocked by Brian Lashoff.
13:17 of 3rd period - Wrist shot by Nick Ritchie.
13:17 of 3rd period - Deflect By Jordan Nolan.
13:17 of 3rd period - Stopped by Cam Ward with a rebound.
13:19 of 3rd period - Snap shot by Jacob Trouba.
13:19 of 3rd period - Shot Blocked by Andrew Shaw.
13:21 of 3rd period - Wrist shot by Jordan Nolan.
13:21 of 3rd period - Shot Misses the Net.
14:20 of 3rd period - Wrist shot by Melker Karlsson.
14:20 of 3rd period - Shot Misses the Net.
14:22 of 3rd period - Slapshot by Dylan McIlrath.
14:22 of 3rd period - Stopped by Ilya Sorokin with a rebound.
14:24 of 3rd period - Snap shot by Melker Karlsson.
14:24 of 3rd period - Shot Misses the Net.
14:26 of 3rd period - Backhand shot by Thomas Chabot.
14:26 of 3rd period - Deflect By Brock McGinn.
14:26 of 3rd period - Stopped by Ilya Sorokin without a rebound.
14:27 of 3rd period - Michael Latta wins face-off versus Jeff Carter in Flyers zone.
14:27 of 3rd period - Michael Latta is hit by Mikko Rantanen.
14:53 of 3rd period - Ryan Ellis is hit by Niclas Bergfors and loses puck.
15:27 of 3rd period - Nick Ritchie is hit by Brock McGinn and loses puck.
16:03 of 3rd period - Ivan Provorov is hit by Nikita Zadorov and loses puck.
16:24 of 3rd period - Wrist shot by Calle Jarnkrok.
16:24 of 3rd period - Shot Misses the Net.
16:26 of 3rd period - Backhand shot by Ivan Provorov.
16:26 of 3rd period - Deflect By Thomas Chabot.
16:26 of 3rd period - Stopped by Cam Ward without a rebound.
16:27 of 3rd period - Calle Jarnkrok wins face-off versus Melker Karlsson in Islanders zone.
16:54 of 3rd period - Melker Karlsson is hit by Jeff Carter and loses puck.
17:23 of 3rd period - Jordan Nolan is hit by Vladimir Tarasenko and loses puck.
17:55 of 3rd period - Wrist shot by Michael Latta.
17:55 of 3rd period - Stopped by Ilya Sorokin without a rebound.
17:56 of 3rd period - Jordan Nolan wins face-off versus Michael Latta in Flyers zone.
18:05 of 3rd period - Snap shot by Jordan Nolan.
18:05 of 3rd period - Shot Misses the Net.
18:07 of 3rd period - Slapshot by Jacob Trouba.
18:07 of 3rd period - Shot Blocked by Jason Spezza.
18:11 of 3rd period - Slapshot by Nick Ritchie.
18:11 of 3rd period - Deflect By Jordan Nolan.
18:11 of 3rd period - Shot Misses the Net.
18:11 of 3rd period - Puck is out of play.
18:12 of 3rd period - Calle Jarnkrok wins face-off versus Anze Kopitar in Islanders zone.
18:19 of 3rd period - Backhand shot by Calle Jarnkrok.
18:19 of 3rd period - Shot Misses the Net.
18:41 of 3rd period - Slapshot by Jordan Nolan.
18:41 of 3rd period - Stopped by Cam Ward with a rebound.
18:59 of 3rd period - Flyers, Ilya Sorokin is pulled from the net.
Goals for this period are 0 for Flyers vs 1 for Islanders.
Shots for this period are 6 for Flyers vs 22 for Islanders.